 Dungeon Crawl Stone Soup version 0.29-a0-317-gd16b76e6b1 (webtiles) character file.

Game seed: 12412722204883228197

47 kae the Firebug (level 3, -1/20 HPs)
             Began as a Tengu Fire Elementalist on Mar 30, 2022.
             Slain by Natasha (8 damage)
             ... on level 3 of the Dungeon.
             The game lasted 00:00:51 (2178 turns).

kae the Firebug (Tengu Fire Elementalist)           Turns: 2178, Time: 00:00:52

Health: -1/20      AC:  2    Str:  8    XL:     3   Next: 70%
Magic:  4/7        EV: 12    Int: 17    God:
Gold:   125        SH:  0    Dex: 14    Spells: 0/6 levels left

rFire   . . .      SeeInvis .   (no weapon)
rCold   . . .      Faith    .   (no shield)
rNeg    . . .      Spirit   .   a - +0 robe
rPois   .          Reflect  .   (helmet restricted)
rElec   .          Harm     .   (no cloak)
rCorr   .          Rampage  .   (no gloves)
Will    +....                   (boots unavailable)
Stlth   ++........              h - amulet of magic regeneration
HPRegen 0.06/turn               g - ring of willpower
MPRegen 0.50/turn               (no ring)

@: no status effects
A: beak, talons 3
a: no special abilities


You were on level 3 of the Dungeon.
You visited 1 branch of the dungeon, and saw 3 of its levels.

You collected 125 gold pieces.

Inventory:

Armour
 a - a +0 robe (worn)
Jewellery
 g - a ring of willpower (left hand)
 h - an amulet of magic regeneration (around neck)
Scrolls
 e - a scroll of identify
 f - a scroll of teleportation
 i - a scroll of acquirement {unknown}
Potions
 b - 2 potions of magic
 c - 2 potions of lignification
 d - a potion of haste


   Skills:
 + Level 0.8 Fighting
 + Level 1.1 Armour
 + Level 2.5 Dodging
 - Level 2.0 Stealth
 + Level 2.3 Spellcasting
 + Level 2.0 Conjurations
 * Level 3.9 Fire Magic


You couldn't memorise any spells.
You knew the following spells:

 Your Spells              Type           Power      Damage    Failure   Level
a - Foxfire               Conj/Fire      48%        2x1d6     5%          1
b - Scorch                Fire           30%        2d7       5%          2
c - Conjure Flame         Conj/Fire      12%        6-21      17%         3

Your spell library contained the following spells:

 Spells                   Type           Power      Damage    Failure   Level
 Inner Flame              Hex/Fire       8%         N/A       26%         3
 Flame Wave               Conj/Fire      12%        2d6       50%         4


Dungeon Overview and Level Annotations

Branches:
Dungeon (3/15)

Altars:

Annotations:
D:3 Natasha


Innate Abilities, Weirdness & Mutations

You have a beak for a mouth.
You have claws for feet.


Message History

Natasha hisses angrily.
The foxfire hits Natasha.
Natasha is lightly wounded.
The foxfire hits Natasha.
Natasha is moderately wounded.
Casting: Foxfire (safe; 5% risk of failure)
Confirm with . or Enter, or press ? or * to list all spells.
You conjure some foxfire!
The foxfire hits Natasha but does no damage.
Natasha is moderately wounded.
Casting: Foxfire (safe; 5% risk of failure)
Confirm with . or Enter, or press ? or * to list all spells.
You conjure some foxfire!
Natasha casts a spell.
The foxfire hits Natasha but does no damage.
Natasha is moderately wounded.
Casting: Foxfire (safe; 5% risk of failure)
Confirm with . or Enter, or press ? or * to list all spells.
Flames lash Natasha.
Natasha is almost dead.
Natasha's fire resistance burns away.
Natasha stares at you and mumbles some strange words.
The magic dart hits you!
You barely miss Natasha. Your kick misses Natasha.
Natasha is almost dead.
Natasha drinks a potion.
Natasha is healed!
Casting: Scorch (safe; 5% risk of failure)
Confirm with . or Enter, or press ? or * to list all spells.
Flames lash the crimson imp.
The crimson imp completely resists.
Natasha misses you. Natasha barely misses you.
Casting: Scorch (safe; 5% risk of failure)
Confirm with . or Enter, or press ? or * to list all spells.
Flames lash the crimson imp.
The crimson imp completely resists.
Natasha is no longer more vulnerable to fire.
Natasha casts a spell at you. The magic dart hits you.
* * * LOW HITPOINT WARNING * * *
Natasha claws you!
You die...

#.# #.# #.# #.# #.#
#.# ##.#
.#..#######..#
.....5h@..#.##
....#####.#.#####.#
. #.....)....
#...#####.. #...#
#...# #...# ##...##
##.....##


You could see Natasha and a crimson imp (summoned).

Vanquished Creatures
  An adder (D:2)
  A worm (D:2)
  An orc (D:3)
  4 bats
  3 endoplasms
  A giant cockroach (D:1)
  3 hobgoblins
  3 jackals (D:2)
  A quokka (D:2)
  2 ball pythons (D:1)
  2 frilled lizards
  4 goblins (D:1)
  A kobold (D:2)
  6 rats (D:1)
33 creatures vanquished.

Vanquished Creatures (others)
  114 foxfires
114 creatures vanquished.

Grand Total: 147 creatures vanquished

Notes
Turn   | Place    | Note
-------+----------+-------------------------------------------
     0 | D:1      | kae the Tengu Fire Elementalist began the quest for the
                  | Orb.
     0 | D:1      | Reached XP level 1. HP: 10/10 MP: 4/4
   102 | D:1      | Found a faded altar of an unknown god.
   196 | D:1      | Reached XP level 2. HP: 15/15 MP: 1/6
   941 | D:2      | Reached XP level 3. HP: 20/20 MP: 2/7
   944 | D:2      | Learned a level 2 spell: Scorch
   948 | D:2      | Learned a level 3 spell: Conjure Flame
  1499 | D:2      | Reached skill level 1 in Armour
  2163 | D:3      | Noticed Natasha
  2178 | D:3      | Slain by Natasha

Illustrated notes

Levels and vault maps discovered:
D:1:      nzn_arrival_depleted_hourglass, layout_rooms, serial_corexii_hall,
          corexii_hall_statues_u, corexii_hall_statues_s,
          hellmonk_ecumenical_altar_blasted
D:2:      layout_basic, minmay_tromino_v4_b
D:3:      layout_loops_ring, serial_shops, nicolae_shop_overgrown_old_shop,
          serial_aquarium, aquarium_bridge_square [aquarium_subvault_bridge,
          aquarium_subvault_bridge, aquarium_subvault_bridge,
          aquarium_subvault_window], aquarium_bridge_island_small
          [aquarium_subvault_small_open, aquarium_subvault_bridge,
          aquarium_subvault_window, aquarium_subvault_bridge,
          aquarium_subvault_window], aquarium_window_1, aquarium_window_fake,
          aquarium_window_1, aquarium_window_fake, aquarium_view_2e,
          aquarium_balcony_double_1, nicolae_underground_beach, uniq_natasha

Skill      XL: |  1  2  3 |
---------------+----------+-----
Armour         | 1 |  1.1
Conjurations   | 2 |  2.0
Fighting       | |  0.8
Dodging        | |  2.5
Stealth        | |  2.0
Spellcasting   | |  2.3
Fire Magic     | |  3.9

Action                   || total
-------------------------++-------
Melee: Unarmed           ||     3
       Kick              ||     1
 Cast: Foxfire           ||    72
       Scorch            ||     3
  Use: Scroll            ||     4
Armor: Robe              ||     4
Dodge: Dodged            ||    15

Table legend: (Time is in decaauts)
 A = Elapsed time spent in this place.
 B = Non-inter-level travel time spent in this place.
 C = Inter-level travel time spent in this place.
 D = Time resting spent in this place.
 E = Time spent auto-exploring this place.
 F = Levels seen in this place.
 G = Mean time per level.
                   A        B        C        D        E       F      G
               +--------+--------+--------+--------+--------+-----+--------+
         Total |   2178 |   2123 |     55 |      0 |   1865 |   3 |  726.0 |
       Dungeon |   2178 |   2123 |     55 |      0 |   1865 |   3 |  726.0 |
               +--------+--------+--------+--------+--------+-----+--------+

Top non-repeatable levels by time:
     D:2: 1177 daAuts
     D:1: 931 daAuts
     D:3: 69 daAuts
